 Dungeon Crawl Stone Soup version 0.29-a0-830-gcb1280458a (webtiles) character file.

Game seed: 13671493033410939873

2223 LynnLen the Covert (level 9, -7/52 HPs)
             Began as a Vampire Enchanter on July 11, 2022.
             Was an Initiate of Dithmenos.
             Mangled by a wight
             ... wielding a +2 mace
              (12 damage)
             ... on level 7 of the Dungeon.
             The game lasted 00:27:33 (6828 turns).

LynnLen the Covert (Vampire Enchanter)              Turns: 6828, Time: 00:27:34

Health: -7/52      AC:  8    Str:  7    XL:     9   Next: 13%
Magic:  12/12      EV: 14    Int: 20    God:    Dithmenos [......]
Gold:   179        SH:  0    Dex: 22    Spells: 6/12 levels left

rFire   . . .      SeeInvis +   g - +4 dagger (drain)
rCold   + + .      Faith    .   (no shield)
rNeg    + + +      Spirit   .   f - +1 leather armour
rPois   ∞          Reflect  .   b - +2 hat {Will+}
rElec   .          Harm     .   (no cloak)
rCorr   .          Rampage  .   e - +0 pair of gloves
Will    +....                   m - +0 pair of boots
Stlth   ++++++++..              c - amulet of magic regeneration
HPRegen 0.00/turn               B - +6 ring of dexterity
MPRegen 0.53/turn               (no ring)

@: mighty, bloodless, inhibited regen
A: bloodless, fangs 3, see invisible, vampiric 2
a: Bat Form, Revivify, Renounce Religion


You were on level 7 of the Dungeon.
You worshipped Dithmenos.
Dithmenos was noncommittal.
You visited 2 branches of the dungeon, and saw 8 of its levels.
You also visited: Sewer.

You collected 333 gold pieces.
You spent 154 gold pieces at shops.

Inventory:

Hand Weapons
 a - the +6 whip "Fyufeene" {flame, Str+4}
   (You found it on level 4 of the Dungeon)

   It burns those it strikes, dealing additional fire damage.
   Str:       It affects your strength (+4).
 g - a +4 dagger of draining (weapon)
 p - the +10 war axe of the End of Times {flame, rC+ Will+ rCorr}
   (You found it on level 2 of the Dungeon)

   It burns those it strikes, dealing additional fire damage.
   Big, fiery blades are also staple armaments of hydra-hunters.
   rC:        It protects you from cold.
   rCorr:     It protects you from acid and corrosion.
   Will:      It increases your willpower.
Missiles
 h - 8 boomerangs
 l - 56 stones
 r - 23 poisoned darts (quivered)
Armour
 b - a +2 hat of willpower (worn)
 e - a +0 pair of gloves (worn)
 f - a +1 leather armour (worn)
 m - a +0 pair of boots (worn)
Jewellery
 c - an amulet of magic regeneration (around neck)
 B - a +6 ring of dexterity (left hand)
Wands
 q - a wand of quicksilver (7)
 t - a wand of flame (8)
 E - a wand of charming (5)
Scrolls
 j - a scroll of fog
 n - a scroll of immolation
 u - a scroll of teleportation
 v - a scroll of amnesia
 w - 2 scrolls of identify
 x - 2 scrolls of fear
 y - 2 scrolls of blinking
Potions
 d - 3 potions of curing
 i - a potion of might
 k - a potion of flight
 s - 3 potions of resistance
 z - a potion of brilliance
 A - a potion of mutation
 D - a potion of attraction


   Skills:
 * Level 4.5 Fighting
 * Level 7.2 Short Blades
 + Level 4.4 Dodging
 + Level 13.0 Stealth
 - Level 2.0 Spellcasting
 - Level 4.4 Hexes


You had 6 spell levels left.
You knew the following spells:

 Your Spells              Type           Power      Damage    Failure   Level
a - Confusing Touch       Hex            19%        N/A       12%         3
b - Tukima's Dance        Hex            19%        N/A       12%         3

Your spell library contained the following spells:

 Spells                   Type           Power      Damage    Failure   Level
 Ensorcelled Hibernation  Hex/Ice        20%        N/A       14%         2
 Sandblast                Erth           4%         2d4       24%         1
 Dazzling Flash           Conj/Hex       20%        N/A       28%         3
 Passwall                 Tmut/Erth      1%         N/A       34%         2
 Conjure Flame            Conj/Fire      2%         6-21      56%         3
 Ignite Poison            Fire/Tmut/Pois 2%         N/A       56%         3
 Stone Arrow              Conj/Erth      4%         3d7       56%         3
 Sticky Flame             Conj/Fire      2%         2d3       93%         4


Dungeon Overview and Level Annotations

Branches:
Dungeon (7/15)             Temple (1/1) D:5           Sewer (visited)

Altars:
Ashenzari
Cheibriados
Dithmenos
Hepliaklqana
Kikubaaqudgha
Makhleb
Nemelex Xobeh
Okawaru
Qazlal
Ru
Trog
Uskayaw
Vehumet
Wu Jian
Xom
Yredelemnul

Shops:
D:4 [[:([   D:5 *


Innate Abilities, Weirdness & Mutations

You do not regenerate when monsters are visible.
You are frail without blood (-20% HP).
You can heal yourself when you bite living creatures.
You are immune to poison.
You have razor-sharp teeth.
You have supernaturally acute eyesight. (SInv)
You are afflicted with vampirism and can become a bat while bloodless.


Message History

You destroy the wight!
Dithmenos accepts your kill.
You hit the wight.
The wight is moderately damaged.
The centaur shouts!
You hit the wight.
The wight is heavily damaged.
The wight misses you. The wight hits you with a +5 scimitar.
You hit the wight but do no damage.
The wight is heavily damaged.
The wight closely misses you. The wight hits you with a +5 scimitar.
As you read the scroll of torment, it crumbles to dust.
You feel a surge of unholy energy.
The centaur convulses!
The wight hits you with a +0 falchion. The wight misses you.
The wight hits you with a +5 scimitar.
You hit the wight but do no damage.
The wight is heavily damaged.
You puncture the wight!
You destroy the wight!
Dithmenos accepts your kill.
The centaur wields a +0 shortbow.
The centaur shoots an arrow.
The arrow hits you. The wight misses you. The wight hits you with a +2 mace.
Your Stealth skill increases to level 13!
You hit the wight but do no damage. Your bite misses the wight.
You feel much better. The wight hits you but does no damage.
The wight misses you. The wight hits you with a +2 mace.
You feel very mighty all of a sudden. The wight hits you with a +0 mace.
The wight misses you. The wight closely misses you.
You hit the wight.
The wight is lightly damaged.
The wight barely misses you. The wight hits you with a +5 scimitar!
The wight hits you with a +2 mace!
* * * LOW HITPOINT WARNING * * *
You closely miss the wight.
The wight is lightly damaged.
The wight hits you with a +0 mace.
* * * LOW HITPOINT WARNING * * *
The wight closely misses you. The wight hits you with a +2 mace!
You die...

#.....#..#
#.....#..#
......##..#
#....###...## ###
##### ##...# #...
#...## .....##
##### ##...#
......z####...##
##...
#....cz@.......##
##..
#.....z.........#
#..
#...#########...##
##. ... ##...##
##. . ##...####..
##........
##....... ####..##
####


You could see a centaur and 3 wights.

Vanquished Creatures
  Sigmund (D:2)
  A water moccasin (D:7)
  A black bear (D:5)
  An orc warrior (D:6)
  An ogre (D:4)
  2 kobold brigands
  2 bullfrogs
  A necrophage (D:5)
  A gnoll sergeant (D:6)
  5 wights (D:7)
  An electric eel (D:6)
  A howler monkey (D:5)
  5 jellies
  5 orc priests
  Jessica (D:2)
  5 iguanas
  6 orc wizards
  8 gnolls
  18 adders
  2 river rats (Sewer)
  A shadow imp (D:6)
  A white imp (D:6)
  An ufetubus (D:4)
  3 worms
  16 orcs
  9 ball pythons
  3 endoplasms
  4 giant cockroaches
  4 hobgoblins
  7 jackals
  9 kobolds
  5 quokkas
  7 bats
  2 frilled lizards
  2 goblins
  12 rats
154 creatures vanquished.

Vanquished Creatures (others)
  A dancing weapon (D:4)
  3 plants (Sewer)
4 creatures vanquished.

Grand Total: 158 creatures vanquished

Notes
Turn   | Place    | Note
-------+----------+-------------------------------------------
     0 | D:1      | LynnLen the Vampire Enchanter began the quest for the Orb.
     0 | D:1      | Reached XP level 1. HP: 13/13 MP: 3/3
    13 | D:1      | You fall into a shaft and drop 1 floor!
   372 | D:1      | Reached XP level 2. HP: 16/16 MP: 5/5
   621 | D:1      | Found a faded altar of an unknown god.
   780 | D:1      | Reached skill level 5 in Stealth
  1309 | D:2      | Reached skill level 1 in Fighting
  1422 | D:2      | Gained mutation: You are afflicted with vampirism and can
                  | become a bat while bloodless. [Vampire growth]
  1422 | D:2      | Reached XP level 3. HP: 20/20 MP: 6/6
  1484 | D:2      | Noticed Sigmund
  1494 | D:2      | Learned a level 3 spell: Confusing Touch
  1498 | D:2      | Learned a level 3 spell: Tukima's Dance
  1506 | D:2      | Killed Sigmund
  1507 | D:2      | Reached skill level 7 in Stealth
  1507 | D:2      | Reached XP level 4. HP: 24/26 MP: 7/7
  1507 | D:2      | Reached XP level 5. HP: 28/30 MP: 8/8
  1539 | D:2      | Noticed Jessica
  1553 | D:2      | Killed Jessica
  1570 | D:2      | Identified the +10 war axe of the End of Times {flame, rC+
                  | Will+ rCorr}
  2677 | D:4      | Reached XP level 6. HP: 35/35 MP: 9/9
  2685 | D:4      | Reached skill level 8 in Stealth
  2726 | D:4      | Identified the +6 whip "Fyufeene" {flame, Str+4}
  2805 | D:4      | Found Plog's Antique Armour Emporium.
  2899 | D:4      | Found Gibakk's Antique Armour Shop.
  2909 | D:4      | Found Nih Nuigh's Book Shop.
  2921 | D:4      | Reached skill level 9 in Stealth
  2922 | D:4      | Found Wobletia's Antique Weapon Shop.
  3081 | D:4      | Found Minwil's Antique Armour Emporium.
  3415 | D:4      | Bought an embroidered hat for 154 gold pieces
  3466 | D:5      | Entered Level 5 of the Dungeon
  3484 | D:5      | Reached XP level 7. HP: 40/40 MP: 7/10
  3518 | D:5      | Found a sacrificial altar of Ru.
  3574 | D:5      | Found a staircase to the Ecumenical Temple.
  3618 | Temple   | Entered the Ecumenical Temple
  3728 | Temple   | Reached skill level 10 in Stealth
  3889 | D:5      | Found a hazy altar of Hepliaklqana.
  4058 | D:5      | Found a glowing drain.
  4068 | D:5      | Found Bucsiv's Lightly-Used Armoury.
  4141 | Sewer    | Entered a sewer
  4474 | Sewer    | Reached skill level 5 in Short Blades
  5003 | D:6      | Reached XP level 8. HP: 39/46 MP: 11/11
  5055 | D:6      | Found a shimmering altar of Xom.
  5084 | D:6      | Reached skill level 11 in Stealth
  6127 | D:6      | Found a shadowy altar of Dithmenos.
  6150 | D:6      | Became a worshipper of Dithmenos the Shadowed
  6543 | D:7      | Reached skill level 12 in Stealth
  6608 | D:7      | Reached XP level 9. HP: 52/52 MP: 12/12
  6824 | D:7      | Reached skill level 13 in Stealth
  6828 | D:7      | Mangled by a wight

Illustrated notes

Levels and vault maps discovered:
D:1:      heliophobic_arrival_ceremonial_halls, layout_basic,
          dilly_ecumenical_altar_fadedgnrine, serial_park_tiny_pond,
          chequers_serial_rivers_room_a, nrook_uturn
D:2:      layout_rooms, uniq_jessica, uniq_sigmund
D:3:      layout_basic, chequers_decorated_corner, st_stairs_9,
          item_on_display_a
D:4:      layout_loops_ring, serial_shops, nicolae_shop_stone, shop,
          nicolae_shop_stone, shop, shop
D:5:      layout_cave_pools, worldfamousw_hep_ancestral_shrine,
          nicolae_ru_awakened_eye, minmay_temple_entry_large_hall,
          gup_sewer_entry_glass, minmay_misc_feat_rows, minmay_shop_damaged,
          st_stairs_14
D:6:      layout_loops_ring, mainiacjoe_overflow_catwalk, lemuel_doored_altar,
          amcnicky_altar_gilded, kennysheep_small_spiral
D:7:      layout_layer_cave, uniq_crazy_yiuf_cottage
Temple:   zaba_magenta_temple

Skill      XL: |  1  2  3  4  5  6  7  8  9 |
---------------+----------------------------+-----
Stealth        | 5 7 9 10 12 13 | 13.0
Fighting       | 1 2 3 4 |  4.5
Short Blades   | 2 3 5 7 |  7.2
Dodging        | 3 4 |  4.4
Spellcasting   | |  2.0
Hexes          | |  4.4

Action                   |  1- 3 |  4- 6 |  7- 9 || total
-------------------------+-------+-------+-------++-------
Melee: Dagger            |    59 |    82 |   292 ||   433
       Bite              |     3 |     3 |    30 ||    36
       Punch             |     2 |       |     3 ||     5
Throw: Dart              |       |     2 |     2 ||     4
       Stone             |       |       |     1 ||     1
 Cast: Tukima's Dance    |       |     1 |       ||     1
 Abil: Exsanguinate      |     1 |       |       ||     1
  Use: Scroll            |     1 |    16 |     6 ||    23
       Potion            |     1 |     1 |     6 ||     8
 Stab: Sleeping          |    15 |    32 |    37 ||    84
       Distracted        |       |       |     1 ||     1
       Invisible         |       |       |     1 ||     1
Armor: Robe              |     4 |       |       ||     4
       Leather armour    |    14 |    13 |    91 ||   118
Dodge: Dodged            |    33 |    27 |   174 ||   234

Table legend: (Time is in decaauts)
 A = Elapsed time spent in this place.
 B = Non-inter-level travel time spent in this place.
 C = Inter-level travel time spent in this place.
 D = Time resting spent in this place.
 E = Time spent auto-exploring this place.
 F = Levels seen in this place.
 G = Mean time per level.
                   A        B        C        D        E       F      G
               +--------+--------+--------+--------+--------+-----+--------+
         Total |   6892 |   6842 |     50 |    432 |   2672 |   9 |  765.8 |
       Dungeon |   6042 |   5992 |     50 |    432 |   2224 |   7 |  863.1 |
        Temple |     95 |     95 |      0 |      0 |      0 |   1 |   95.0 |
         Sewer |    754 |    754 |      0 |      0 |    447 |   1 |  754.0 |
               +--------+--------+--------+--------+--------+-----+--------+

Top non-repeatable levels by time:
     D:6: 1501 daAuts
     D:1: 1190 daAuts
     D:3: 836 daAuts
     D:4: 789 daAuts
     D:5: 777 daAuts
   Sewer: 754 daAuts
     D:2: 632 daAuts
     D:7: 314 daAuts
  Temple: 95 daAuts
